 Dungeon Crawl Stone Soup version 0.22.1-1-ga44c0e5 (webtiles) character file.

6925 Anon1729 the Covert (level 10, -5/53 HPs)
             Began as a Spriggan Artificer on Nov 2, 2018.
             Was a Priest of Dithmenos.
             Hit by a silver javelin thrown by a minotaur (35 damage)
             ... in a labyrinth.
             The game lasted 00:34:24 (12535 turns).

Anon1729 the Covert (Spriggan Artificer)           Turns: 12535, Time: 00:34:24

Health: -5/53      AC:  2    Str:  8    XL:     10   Next: 80%
Magic:  14/18      EV: 27    Int: 13    God:    Dithmenos [***...]
Gold:   515        SH:  0    Dex: 20    Spells: 6/16 levels left

rFire    . . .     SeeInvis +   E - +7 dagger (elec)
rCold    . . .     Gourm    .   (shield restricted)
rNeg     . . .     Faith    .   b - +0 robe
rPois    .         Spirit   .   (helmet restricted)
rElec    .         Reflect  .   (no cloak)
rCorr    .         Harm     .   (gloves unavailable)
MR       ++...                  (boots unavailable)
Stlth    +++++++++.             (no amulet)
HPRegen  0.17/turn              y - ring of protection from magic
MPRegen  0.16/turn              C - ring of stealth

@: wreathed by umbra, very quick
A: very small, unfitting armour, see invisible, herbivore, speed 3, slow
metabolism 2
a: Shadow Step, Renounce Religion


You were in a labyrinth.
You worshipped Dithmenos.
Dithmenos was most pleased with you.
You were not hungry.

You visited 3 branches of the dungeon, and saw 11 of its levels.
You also visited: Labyrinth and Ossuary.

You collected 515 gold pieces.

Inventory:

Hand Weapons
 a - a +0 short sword
 l - a +2 dagger of protection
 A - a +1 antimagic flail
 E - a +7 dagger of electrocution (weapon)
Armour
 b - a +0 robe (worn)
Jewellery
 y - a ring of protection from magic (left hand)
 C - a ring of stealth (right hand)
Wands
 c - a wand of flame (14)
 d - a wand of enslavement (7)
 e - a wand of random effects (5)
 h - a wand of polymorph (3)
 B - a wand of acid (3)
Scrolls
 g - 4 scrolls of enchant armour
 k - 4 scrolls of remove curse
 n - 7 scrolls of teleportation
 q - 5 scrolls of fog
 w - a scroll of random uselessness
Potions
 j - 2 potions of degeneration {unknown}
 m - 5 potions of magic
 o - 2 potions of haste {unknown}
 p - a potion of agility {unknown}
 r - a potion of cancellation {unknown}
 t - 8 potions of curing
 u - a potion of mutation {unknown}
 v - 4 potions of flight {unknown}
 x - 2 potions of berserk rage {unknown}
 D - 2 potions of might {unknown}
 F - 2 potions of heal wounds {unknown}
Comestibles
 f - 8 rations


   Skills:
 + Level 6.0 Fighting
 + Level 7.8 Short Blades
 + Level 10.5 Dodging
 + Level 11.0 Stealth
 + Level 3.8 Spellcasting
 + Level 3.8 Hexes
 + Level 0.0 Invocations
 + Level 10.1 Evocations


You had 6 spell levels left.
You knew the following spells:

 Your Spells              Type           Power        Failure   Level  Hunger
a - Blink                 Tloc           N/A          32%         2    ##.....
b - Confusing Touch       Hex            ##....       4%          1    #......
c - Mephitic Cloud        Conj/Pois/Air  #.......     54%         3    ###....
d - Magic Dart            Conj           #...         22%         1    #......
e - Confuse               Hex            ##......     13%         3    ###....

Your spell library contained the following spells:

 Spells                   Type           Power        Failure   Level  Hunger
 Slow                     Hex            ##......     6%          2    ##.....
 Dazzling Spray           Conj/Hex       #.....       28%         3    ###....
 Call Imp                 Summ           #.......     32%         2    ##.....
 Searing Ray              Conj           #.....       32%         2    ##.....
 Conjure Flame            Conj/Fire      #.......     54%         3    ###....
 Gell's Gravitas          Tloc           #.........   54%         3    ###....
 Fulminant Prism          Conj/Hex       #.........   67%         4    #####..
 Force Lance              Conj/Tloc      #.......     91%         4    #####..
 Iskenderun's Mystic Bla  Conj           #.......     91%         4    #####..
 Petrify                  Tmut/Erth      #.......     91%         4    #####..
 Metabolic Englaciation   Hex/Ice        #.........   95%         5    ######.
 Yara's Violent Unravell  Hex/Tmut       #.........   95%         5    ######.


Dungeon Overview and Level Annotations

Branches:
Dungeon (9/15)             Temple (1/1) D:5            Lair (1/6) D:9
    Orc: D:9-12

Altars:
Ashenzari
Cheibriados
Dithmenos
Elyvilon
Fedhas
Gozag
Hepliaklqana
Kikubaaqudgha
Makhleb
Nemelex Xobeh
Okawaru
Qazlal
Ru
Sif Muna
Trog
Uskayaw
Vehumet
Wu Jian
Xom
Yredelemnul
Zin
The Shining One

Annotations:
D:6 3 runed doors, trianova's ghost, amateur VSEn
D:7 3 runed doors, bear's ghost, novice HOFi
Lair:1 exclusion: oklob plant


Innate Abilities, Weirdness & Mutations

You are very small and have problems with some larger weapons.
You are too small for most types of armour.
You have supernaturally acute eyesight. (SInv)
You are a herbivore.
You cover ground extremely quickly.
You need to consume almost no food.


Message History

Out of range.
Okay, then.
Found a plate armour and a ration.
Found an escape hatch in the ceiling.
There is an open door here.
Unknown command.
Aiming: Shadow Step
Press: ? - help, Dir - move target cursor, f - minotaur
Aim: a minotaur, wielding an eveningstar, wearing a plate armour, wearing a You step into the minotaur's shadow.
Okay, then.
The minotaur bellows!
You hit the minotaur but do no damage.
The minotaur hits you with an eveningstar!!
The minotaur completely misses you.
Unknown command.
The minotaur throws a silver javelin.
The silver javelin closely misses you.
You see here a silver javelin.
The minotaur throws a silver javelin.
The silver javelin hits you!!
Ouch! That really hurt!
You die...

# ... .. . . ..
# # ##..#####.
#### ..
.#8<8#.# # .
.#=.%#.### .
.#8H8#...# #.
.#=.[#. ## #
#.# #8.8#.#.#
#. #.#
#..(#.#.## .#
.# #
.#8@8#.....
.#.##'##..# .#
.
#.............#
###.#.###.#.###
# #.... .#.#
#######.### #.#
#.. #.## # .
.... # .


You could see a minotaur.

Vanquished Creatures
  2 two-headed ogres
  Nergalle (Lair:1)
  A wyvern (D:8)
  4 blink frogs (Lair:1)
  2 hornets (D:8)
  2 hippogriffs
  A spriggan (D:8)
  A basilisk (Lair:1)
  Edmund (D:5)
  An ice beast (D:5)
  2 orc warriors
  2 sky beasts
  A necrophage (D:8)
  4 ogres
  2 centaurs
  A big kobold (D:7)
  Blork the orc (D:4)
  A gnoll sergeant (D:9)
  5 bullfrogs
  A wyvern zombie (D:8)
  4 water moccasin zombies (Ossuary)
  3 killer bees (D:9)
  2 scorpions
  3 wights
  2 bullfrog zombies (D:5)
  A centaur zombie (D:7)
  2 jellies
  3 orc priests
  3 hounds
  6 orc wizards
  6 worker ants
  2 big kobold zombies (Ossuary)
  A hound zombie (D:6)
  2 hound skeletons
  2 mummies (Ossuary)
  4 gnolls (D:9)
  7 adders
  3 shadow imps
  An ooze (D:3)
  An adder skeleton (D:8)
  7 adder zombies
  4 worms
  3 dart slugs (D:3)
  3 leopard geckos
  18 orcs
  A ball python (D:5)
  12 bats
  8 giant cockroaches
  A gnoll zombie (Ossuary)
  9 goblins
  4 hobgoblins
  5 jackals (D:7)
  12 kobolds
  5 quokkas
  2 frilled lizards
  5 hobgoblin zombies (Ossuary)
  2 jackal skeletons (D:5)
  5 kobold zombies (Ossuary)
  4 orc zombies (Ossuary)
  11 rats
  A plant (D:9)
216 creatures vanquished.

Vanquished Creatures (collateral kills)
  A centaur (D:8)
  A crocodile (D:8)
  A howler monkey (D:8)
  A hound (D:8)
  An orc wizard (D:9)
  A shadow imp (D:9)
  2 orcs
8 creatures vanquished.

Vanquished Creatures (others)
  A bullfrog (D:8)
  A plant (D:9)
2 creatures vanquished.

Grand Total: 226 creatures vanquished

Notes
Turn   | Place    | Note
-------+----------+-------------------------------------------
     0 | D:1      | Anon1729 the Spriggan Artificer began the quest for the
                  | Orb.
     0 | D:1      | Reached XP level 1. HP: 9/9 MP: 4/4
   113 | D:1      | Reached skill level 1 in Fighting
   113 | D:1      | Reached skill level 2 in Stealth
   131 | D:1      | Reached XP level 2. HP: 9/14 MP: 6/6
  1129 | D:2      | Reached XP level 3. HP: 18/18 MP: 7/7
  1759 | D:3      | Found a faded altar of an unknown god.
  1778 | D:3      | Reached skill level 3 in Stealth
  1778 | D:3      | Reached XP level 4. HP: 20/22 MP: 8/8
  2318 | D:3      | Noticed a centaur
  2426 | D:3      | Killed a centaur
  2426 | D:3      | Reached skill level 5 in Evocations
  2426 | D:3      | Reached XP level 5. HP: 13/26 MP: 9/9
  2734 | D:3      | Reached skill level 4 in Stealth
  3231 | D:4      | Reached XP level 6. HP: 28/30 MP: 11/11
  3467 | D:4      | Noticed Blork the orc
  3590 | D:4      | Killed Blork the orc
  3590 | D:4      | Reached skill level 5 in Dodging
  3723 | D:5      | Entered Level 5 of the Dungeon
  3902 | D:5      | Found a staircase to the Ecumenical Temple.
  3918 | D:5      | Noticed an ice beast
  3921 | D:5      | Killed an ice beast
  3921 | D:5      | Reached skill level 5 in Stealth
  3921 | D:5      | Reached XP level 7. HP: 35/35 MP: 12/12
  3941 | D:5      | Found a deep blue altar of Sif Muna.
  3983 | Temple   | Entered the Ecumenical Temple
  4041 | Temple   | Became a worshipper of Dithmenos the Shadowed
  4125 | D:5      | Noticed Edmund
  4600 | D:5      | Killed Edmund
  4744 | D:5      | Reached skill level 6 in Stealth
  5169 | D:5      | Reached XP level 8. HP: 15/40 MP: 14/14
  5592 | D:6      | Noticed a hippogriff
  5617 | D:6      | HP: 1/40 [hippogriff (8)]
  5735 | D:6      | Killed a hippogriff
  6070 | D:6      | Found a runed gate.
  6071 | D:6      | Noticed a kobold demonologist
  6071 | D:6      | Noticed trianova's ghost (amateur VSEn)
  6072 | D:6      | Found a runed gate.
  6072 | D:6      | Found a runed gate.
  6142 | D:7      | Reached skill level 7 in Stealth
  6291 | D:7      | Found a sand-covered staircase.
  6343 | Ossuary  | Entered an ossuary
  6382 | Ossuary  | Reached skill level 5 in Short Blades
  6489 | Ossuary  | Reached * piety under Dithmenos
  6964 | D:7      | Reached ** piety under Dithmenos
  7152 | D:7      | Found a runed gate.
  7152 | D:7      | Found a runed gate.
  7152 | D:7      | Found a runed gate.
  7153 | D:7      | Noticed bear's ghost (novice HOFi)
  7279 | D:7      | Reached skill level 8 in Stealth
  7312 | D:7      | Learned a level 2 spell: Blink
  7314 | D:7      | Learned a level 1 spell: Confusing Touch
  7318 | D:7      | Learned a level 3 spell: Mephitic Cloud
  7320 | D:7      | Learned a level 1 spell: Magic Dart
  7738 | D:8      | Noticed a hornet
  7769 | D:8      | Reached XP level 9. HP: 41/45 MP: 14/16
  8087 | D:8      | Noticed a two-headed ogre
  8819 | D:8      | Killed a two-headed ogre
  8819 | D:8      | Reached skill level 5 in Fighting
  8819 | D:8      | Reached skill level 9 in Stealth
  9720 | D:7      | Reached *** piety under Dithmenos
 10077 | D:8      | Reached skill level 10 in Stealth
 10077 | D:8      | Reached skill level 1 in Spellcasting
 10127 | D:8      | Reached skill level 1 in Hexes
 10127 | D:8      | Reached XP level 10. HP: 39/51 MP: 16/18
 10775 | D:9      | Noticed a two-headed ogre
 10787 | D:9      | Killed a two-headed ogre
 10794 | D:9      | Found a staircase to the Lair.
 11002 | D:9      | Reached skill level 10 in Dodging
 11385 | Lair:1   | Entered Level 1 of the Lair of Beasts
 11385 | Lair:1   | Noticed an oklob plant
 11385 | Lair:1   | Noticed Nergalle
 11387 | Lair:1   | Killed Nergalle
 11488 | Lair:1   | Reached skill level 10 in Evocations
 11605 | Lair:1   | Reached skill level 11 in Stealth
 11640 | Lair:1   | Found a labyrinth entrance.
 11681 | Lab      | Entered a labyrinth
 12452 | Lab      | Learned a level 3 spell: Confuse
 12452 | Lab      | Noticed a minotaur
 12535 | Lab      | Hit by a silver javelin thrown by a minotaur

Skill      XL: |  1  2  3  4  5  6  7  8  9 10 |
---------------+-------------------------------+-----
Fighting       | 1 2 3 4 5 6 |  6.0
Stealth        | 2 3 4 5 6 8 10 11 | 11.0
Short Blades   | 2 3 4 5 7 |  7.8
Dodging        | 4 5 6 8 9 10 | 10.5
Evocations     | 5 6 8 9 10 | 10.1
Spellcasting   | 1 3 |  3.8
Hexes          | 1 3 |  3.8

Action                   |  1- 3 |  4- 6 |  7- 9 | 10-12 || total
-------------------------+-------+-------+-------+-------++-------
Melee: Short sword       |    54 |       |       |       ||    54
       Dagger            |    87 |   299 |   842 |   273 ||  1501
       Flail             |       |       |     4 |       ||     4
 Cast: Confusing Touch   |       |       |     1 |       ||     1
       Mephitic Cloud    |       |       |     2 |       ||     2
       Magic Dart        |       |       |     1 |       ||     1
       Blink             |       |       |     1 |       ||     1
Invok: Shadow Step       |       |       |       |     1 ||     1
Evoke: Wand              |     3 |       |    30 |    12 ||    45
  Use: Scroll            |       |       |    11 |     7 ||    18
 Stab: Sleeping          |     8 |    11 |    22 |    10 ||    51
       Distracted        |       |     1 |     1 |     2 ||     4
       Confused          |       |       |     4 |       ||     4
  Eat: Ration            |       |       |     5 |     2 ||     7
Armor: Robe              |    20 |    33 |    77 |    13 ||   143
Dodge: Dodged            |   123 |   210 |   723 |   168 ||  1224
